 Dungeon Crawl Stone Soup version 0.31.0-11-ge490571c62 (webtiles) character file.

Game seed: 12541330057627634439

65 qw the Shooter (level 3, -4/18 HPs)
             Began as a Spriggan Hunter on Feb 5, 2024.
             Slain by a river rat (7 damage)
             ... in a sewer.
             The game lasted 00:00:30 (854 turns).

qw the Shooter (Spriggan Hunter)                     Turns: 854, Time: 00:00:31

Health: -4/18      AC:  2    Str:  7    XL:     3   Next: 94%
Magic:  4/4        EV: 19    Int: 10    God:
Gold:   68         SH:  0    Dex: 20    Spells: 2/2 levels left

rFire   . . .        a - +0 shortbow
rCold   . . .        (shield currently unavailable)
rNeg    . . .        c - +0 robe
rPois   .            (helmet restricted)
rElec   .            (no cloak)
rCorr   .            (gloves unavailable)
SInv    +            (boots unavailable)
Will    .....        (no amulet)
Stlth   ++           (no ring)
HPRegen 0.23/turn    (no ring)
MPRegen 0.09/turn

%: no passive effects
@: very quick
A: very small, no large weapons, unfitting armour, see invisible, speed 3
a: no special abilities


You were in a sewer.
You visited 1 branch of the dungeon, and saw 3 of its levels.
You also visited: Sewer.

You collected 68 gold pieces.


Innate Abilities, Weirdness & Mutations

You are very small and have problems with some larger weapons.
You are too small for most types of armour.
You have supernaturally acute eyesight. (SInv)
You cover ground extremely quickly. (Speed+++)


   Skills:
 - Level 1.5 Fighting
 - Level 5.0 Ranged Weapons
 + Level 4.2 Dodging
 - Level 1.5 Stealth


You had 2 spell levels left.
You didn't know any spells.
Your spell library was empty.

Inventory:

Hand Weapons
 a - a +0 shortbow (weapon)
Armour
 c - a +0 robe (worn)
Potions
 d - a potion of mutation
 f - a potion of cancellation {unknown}
 g - a potion of lignification {unknown}
 h - a potion of might {unknown}

Dungeon Overview and Level Annotations

Branches:
Dungeon (4/15)              Sewer (1/1)
 Temple: D:4-7

Altars:

Shops:
D:2 :


Message History

The river rat completely misses you. The rat bites you.
The river rat completely misses you. The rat closely misses you.
You shoot an arrow.
The arrow hits the river rat but does no damage.
The river rat completely misses you. The rat barely misses you.
You shoot an arrow. The arrow barely misses the river rat.
The river rat barely misses you. The rat bites you but does no damage.
You shoot an arrow.
The arrow hits the river rat but does no damage.
The river rat closely misses you. The rat completely misses you.
You shoot an arrow. The arrow closely misses the river rat.
The river rat closely misses you. The rat barely misses you.
You shoot an arrow.
The arrow hits the river rat but does no damage.
The river rat barely misses you. The rat misses you.
You shoot an arrow. The arrow hits the river rat!
The river rat is severely wounded.
The river rat bites you!
Ouch! That really hurt!
The rat barely misses you.
You shoot an arrow. The arrow barely misses the river rat.
The river rat barely misses you. The rat barely misses you.
The river rat barely misses you. The rat closely misses you.
You shoot an arrow. The arrow hits the river rat.
The river rat is almost dead.
The river rat misses you. The rat misses you.
You shoot an arrow. The arrow barely misses the river rat.
The river rat misses you. The rat completely misses you.
You shoot an arrow. The arrow closely misses the river rat.
The river rat bites you. The rat bites you.
You shoot an arrow.
The arrow hits the river rat but does no damage.
The river rat is almost dead.
The river rat closely misses you. The rat misses you.
You shoot an arrow. The arrow closely misses the river rat.
The river rat barely misses you. The rat closely misses you.
You shoot an arrow. The arrow hits the river rat.
The river rat is almost dead.
The river rat bites you!
You die... ############### ......r@r..%..~ ###############

You could see a river rat and a rat.

Vanquished Creatures
  An adder (D:2)
  2 dart slugs
  3 endoplasms
  5 giant cockroaches
  5 goblins (D:1)
  7 hobgoblins
  3 kobolds
  4 quokkas
  3 ball pythons
  6 frilled lizards
  9 rats
48 creatures vanquished.

Notes
Turn   | Place    | Note
-------+----------+-------------------------------------------
     0 | D:1      | qw the Spriggan Hunter began the quest for the Orb.
     0 | D:1      | Reached XP level 1. HP: 10/10 MP: 2/2
     0 | D:1      | 0 ||| qw: Version: 0.3-a-160-g6735b56
     0 | D:1      | 0 ||| qw: Game counter: 6372
     0 | D:1      | 0 ||| qw: Melee chars always use a shield: true
     0 | D:1      | 0 ||| qw: God list: Okawaru
     0 | D:1      | 0 ||| qw: Allow faded altars: false
     0 | D:1      | 0 ||| qw: Do Orc after clearing Dungeon:15 true
     0 | D:1      | 0 ||| qw: Do second Lair branch before Depths: true
     0 | D:1      | 0 ||| qw: Lair rune preference: random
     0 | D:1      | 0 ||| qw: Goals: Normal
     0 | D:1      | 0 ||| PLANNING D:1-11
    20 | D:1      | Reached skill level 3 in Dodging
    73 | D:1      | Reached XP level 2. HP: 14/14 MP: 3/3
    91 | D:1      | Found a faded altar of an unknown god.
   243 | D:1      | Reached XP level 3. HP: 18/18 MP: 4/4
   469 | D:1      | 469 ||| READING scroll labelled DACYES GORU.
   473 | D:1      | 473 ||| READING scroll labelled FIREM DADUGH.
   474 | D:1      | 474 ||| READING scroll labelled JYPUMN SOROEFA.
   474 | D:1      | 474 ||| IDENTIFYING glowing cyan potion
   475 | D:1      | 475 ||| READING scroll labelled XELUGO PAUFFEIFYSS.
   576 | D:1      | 576 ||| DROPPING scroll of butterflies.
   580 | D:2      | Found Ycuacoe's Book Boutique.
   657 | D:2      | You fall into a shaft and drop 2 floors!
   658 | D:4      | 658 ||| PLANNING SEWER
   808 | D:4      | Found a glowing drain.
   817 | D:4      | Reached skill level 5 in Ranged Weapons
   825 | D:4      | 825 ||| READING scroll labelled KATHOO WOMANTO.
   826 | D:4      | 826 ||| READING scroll labelled ULUTAN XUNOAXT.
   835 | Sewer    | Entered a sewer
   847 | Sewer    | HP: 3/18 [river rat (9)]
   854 | Sewer    | Slain by a river rat

Levels and vault maps discovered:
D:1:      onia_arrival_handbag, layout_rooms,
          shapermc_ecumenical_altar_flowoftime
D:2:      layout_basic, basic_altar, serial_shops, shop, shop, minivault_23
D:4:      layout_gridville, mainiacjoe_overflow_cross_hatched,
          mainiacjoe_overflow_concentric_impassable, marbit_many_paths,
          gup_sewer_entry_pipe
Sewer:    sewer_kobolds

Skill      XL: |  1  2  3 |
---------------+----------+-----
Dodging        | 3 4 |  4.2
Ranged Weapons | 5 |  5.0
Fighting       | |  1.5
Stealth        | |  1.5

Action                     || total
---------------------------++-------
   Fire: Shortbow          ||   128
    Use: Scroll            ||     6
 Armour: Robe              ||    14
  Dodge: Dodged            ||    46

Table legend:
 A = Non-vault XP
 B = Vault XP
 C = Vault XP percentage of total XP
 D = Non-vault monster count
 E = Vault monster count
 F = Vault count percentage of total count
                 A         B        C        D         E       F
            +---------+---------+-------+---------+---------+-------
      Total |      77 |      17 |  18.1 |      36 |      12 |  25.0
            +---------+---------+-------+---------+---------+-------
        D:1 |      44 |       4 |   8.3 |      26 |       4 |  13.3
        D:2 |      19 |       0 |   0.0 |       4 |       0 |   0.0
        D:4 |      14 |      10 |  41.7 |       6 |       5 |  45.5
      Sewer |       0 |       3 | 100.0 |       0 |       3 | 100.0
            +---------+---------+-------+---------+---------+-------
